 Dungeon Crawl Stone Soup version 0.18-a0-1361-g9293dd1 (webtiles) character file.

396 Kidiri the Conjurer (level 6, -2/30 HPs)
             Began as a Deep Elf Conjurer on Feb 20, 2016.
             Slain by Armakuni's ghost (8 damage)
             ... on level 4 of the Dungeon.
             The game lasted 00:13:14 (4616 turns).

Kidiri the Conjurer (Deep Elf Conjurer)             Turns: 4616, Time: 00:13:14

Health: -2/30      AC:  5    Str:  3    XL:     6   Next: 52%
Magic:  10/15      EV: 13    Int: 22    God:
Gold:   222        SH:  0    Dex: 17    Spells: 5 memorised, 1 level left

rFire  . . .     SeeInvis +     l - +0 dagger (elec)
rCold  . . .     Gourm    .     k - +0 leather armour
rNeg   . . .     Faith    .     (no shield)
rPois  .         Spirit   .     h - +1 helmet
rElec  .         Dismiss  .     (no cloak)
rCorr  .         Reflect  .     (no gloves)
SustAt .         Harm     .     (no boots)
MR     .....                    (no amulet)
Stlth  ++........               (no ring)
                                j - ring of see invisible

@: not resistant to hostile enchantments, unstealthy
A: agile 1, frail 1, weak 1
a: no special abilities


You were on level 4 of the Dungeon.
You were not hungry.

You visited 1 branch of the dungeon, and saw 4 of its levels.

You collected 222 gold pieces.

Inventory:

Hand Weapons
 l - a +0 dagger of electrocution (weapon)
Armour
 h - a +1 helmet (worn)
 k - a +0 leather armour (worn)
 r - a +0 pair of gloves
Jewellery
 j - a ring of see invisible (left hand)
Scrolls
 f - 2 scrolls of remove curse
Potions
 e - a potion of cure mutation
 g - 3 potions of curing
 o - a potion of berserk rage {unknown}
 p - a potion of lignification {unknown}
Books
 b - a book of Conjurations

   Spells                             Type                      Level
   a - Magic Dart                     Conjuration                  1
   b - Searing Ray                    Conjuration                  2
   c - Dazzling Spray                 Conjuration/Hexes            3
   d - Fulminant Prism                Conjuration/Hexes            4
   e - Iskenderun's Mystic Blast      Conjuration                  4
   f - Iskenderun's Battlesphere      Conjuration/Charms           5
Comestibles
 a - a slice of pizza
 c - 2 bread rations
 i - a meat ration
 m - a chunk of flesh


   Skills:
 + Level 1.2 Fighting
 + Level 1.4 Short Blades
 + Level 1.2 Armour
 * Level 4.1 Dodging
 + Level 3.9 Stealth
 * Level 5.0 Spellcasting
 * Level 5.3 Conjurations
 + Level 2.2 Hexes


You had one spell level left.
You knew the following spells:

 Your Spells              Type           Power        Failure   Level  Hunger
a - Magic Dart            Conj           ####         1%          1    None
b - Searing Ray           Conj           ####..       3%          2    None
c - Dazzling Spray        Conj/Hex       ###.....     14%         3    ##.....
d - Iskenderun's Mystic   Conj           ####....     21%         4    ####...
e - Fulminant Prism       Conj/Hex       ###.......   38%         4    ####...


Dungeon Overview and Level Annotations

Branches:
Dungeon (4/15)
 Temple: D:4-7

Altars:
Sif Muna
Xom

Annotations:
D:4 Armakuni's ghost, amateur CeAK


Innate Abilities, Weirdness & Mutations

You are agile. (Dex +2)
You are frail (-10% HP).
You are weak. (Str -2)


Message History

The searing ray hits Armakuni's ghost.
Armakuni's ghost is lightly damaged.
Armakuni's ghost hits you.
You are poisoned.
The searing ray hits Armakuni's ghost.
Armakuni's ghost is lightly damaged.
You feel sick. Armakuni's ghost closely misses you.
The searing ray hits Armakuni's ghost.
Armakuni's ghost is moderately damaged.
You feel sick.
Armakuni's ghost says regretfully, "I wish I had corrupted all of this!"
Armakuni's ghost hits you!
* * * LOW HITPOINT WARNING * * *
The searing ray hits Armakuni's ghost.
Armakuni's ghost is heavily damaged.
* * * LOW HITPOINT WARNING * * *
You feel sick. Armakuni's ghost barely misses you.
Drink which item? (? for menu, Esc to quit)
You feel better. Armakuni's ghost hits you!
You die...

..............##.# # ##...
...##............###.# ##.>## o..
##...######....#.##.# #..### ...
#.### ##.#...#..# ##>#### ...
##.# #........####..##.. ##.##..#
#...............#.# ...o..##
#.......###.......# .....##
#######.......##...##....
.....####......W@.....##.#.######
....................(....#.# #
........#######.......####.### #
.....#### #..............####
.....# #........######.....
.....# #.........# ##.... ##..##
#.#.####### #.... #..# #.#.#
#.... #.# #...# #....


You could see Armakuni's ghost (inner flame).

Vanquished Creatures
  An orc wizard (D:4)
  A worker ant (D:4)
  Natasha (thrice) (D:2)
  16 adders
  2 oozes
  An adder skeleton (D:4)
  3 worms
  A giant gecko (D:3)
  4 orcs
  2 ball pythons
  11 bats
  4 giant cockroaches
  9 goblins
  11 hobgoblins
  6 jackals
  9 kobolds
  5 quokkas
  7 giant newts
  13 rats
109 creatures vanquished.

Notes
Turn   | Place    | Note
--------------------------------------------------------------
     0 | D:1      | Kidiri the Deep Elf Conjurer began the quest for the Orb.
     0 | D:1      | Reached XP level 1. HP: 10/10 MP: 6/6
   147 | D:1      | Reached XP level 2. HP: 15/15 MP: 1/8
   372 | D:1      | Learned a level 2 spell: Searing Ray
   650 | D:1      | Reached XP level 3. HP: 10/19 MP: 3/10
  1117 | D:2      | Noticed Natasha
  1135 | D:2      | Killed Natasha
  1343 | D:2      | Learned a level 3 spell: Dazzling Spray
  1361 | D:2      | Reached XP level 4. HP: 24/24 MP: 7/12
  1370 | D:2      | Learned a level 4 spell: Iskenderun's Mystic Blast
  1861 | D:2      | Found a deep blue altar of Sif Muna.
  1867 | D:2      | Reached skill level 1 in Hexes
  2129 | D:2      | Reached skill level 1 in Fighting
  2179 | D:2      | Noticed Natasha
  2187 | D:2      | Killed Natasha
  2187 | D:2      | Reached XP level 5. HP: 16/29 MP: 0/13
  2239 | D:2      | Noticed Natasha
  2255 | D:2      | Killed Natasha
  2255 | D:2      | Reached skill level 1 in Armour
  3098 | D:3      | Reached skill level 1 in Short Blades
  3585 | D:3      | Reached skill level 5 in Conjurations
  3587 | D:3      | Reached XP level 6. HP: 24/34 MP: 8/15
  3718 | D:3      | Learned a level 4 spell: Fulminant Prism
  3799 | D:3      | Gained mutation: You are agile. (Dex +2) [potion of mutation]
  3799 | D:3      | Gained mutation: You are frail (-10% HP). [potion of mutation]
  3799 | D:3      | Gained mutation: You are weak. (Str -2) [potion of mutation]
  4063 | D:2      | Found a shimmering altar of Xom.
  4448 | D:4      | Reached skill level 5 in Spellcasting
  4589 | D:4      | Noticed Armakuni's ghost (amateur CeAK)
  4615 | D:4      | HP: 1/30 [poisoned by Armakuni's ghost]
  4616 | D:4      | Slain by Armakuni's ghost

Vault maps used:
D:1:      onia_arrival_mini_spirals
D:2:      overflow_temple_1_default, nicolae_overflow_hidden_temple,
          uniq_natasha
D:3:      minmay_misc_feat_roman
D:4:      kennysheep_mini_moat, minmay_temple_entry_statues, first_bread

Action                   |  1- 3 |  4- 6 || total
-------------------------+-------+-------++-------
Melee: Unarmed           |     1 |       ||     1
       Short sword       |    23 |    10 ||    33
       Dagger            |       |    53 ||    53
 Cast: Magic Dart        |    53 |    82 ||   135
       Searing Ray       |     2 |     5 ||     7
       Dazzling Spray    |       |    26 ||    26
  Use: Scroll            |     1 |     5 ||     6
       Potion            |       |     3 ||     3
 Stab: Sleeping          |     2 |     5 ||     7
  Eat: Chunk             |     1 |    12 ||    13
